 Dungeon Crawl Stone Soup version 0.25.0-11-g1f837a76a1 (webtiles) character file.

Game seed: 13343038531262090547

146 Krehm the Vexing (level 5, -5/37 HPs)
             Began as a Vampire Enchanter on June 25, 2020.
             Was an Initiate of Ashenzari.
             Killed by divine providence
             ... invoked by an orc priest
              (10 damage)
             ... on level 3 of the Dungeon.
             The game lasted 00:11:16 (1886 turns).

Krehm the Vexing (Vampire Enchanter)                Turns: 1886, Time: 00:11:17

Health: -5/37      AC:  3    Str:  7    XL:     5   Next: 7%
Magic:  5/10       EV: 13    Int: 24    God:    Ashenzari [......]
Gold:   174        SH:  0    Dex: 15    Spells: 1/10 levels left

rFire    . . .     SeeInvis +   e - +1 dagger (venom)
rCold    . . .     Gourm    .   (no shield)
rNeg     . . .     Faith    .   b - +0 robe
rPois    .         Spirit   .   (no helmet)
rElec    .         Reflect  .   (no cloak)
rCorr    .         Harm     .   q - +0 pair of gloves
MR       .....                  (no boots)
Stlth    +++.......             (no amulet)
HPRegen  0.32/turn              l - +6 ring of intelligence
MPRegen  0.12/turn              (no ring)

@: regenerating quickly
A: no food, fangs 3, see invisible, unbreathing
a: Exsanguinate, Curse Item, Renounce Religion


You were on level 3 of the Dungeon.
You worshipped Ashenzari.
Ashenzari was noncommittal.
You were alive.

You visited 1 branch of the dungeon, and saw 3 of its levels.

You collected 174 gold pieces.

Inventory:

Hand Weapons
 e - a +1 dagger of venom (weapon)
Missiles
 n - 15 poisoned darts (quivered)
Armour
 b - a +0 robe (worn)
 q - a +0 pair of gloves (worn)
Jewellery
 g - an uncursed ring of fire
 l - a +6 ring of intelligence (left hand)
Scrolls
 d - 2 scrolls of teleportation {unknown}
 k - a scroll of enchant armour {unknown}
 m - 2 scrolls of enchant weapon {unknown}
 o - 4 scrolls of identify {unknown}
 p - a scroll of random uselessness {unknown}
Potions
 a - a potion of degeneration {unknown}
 c - a potion of invisibility {unknown}
 f - a potion of flight {unknown}
 h - a potion of heal wounds {unknown}
 i - 2 potions of stabbing {unknown}
 j - a potion of curing {unknown}


   Skills:
 * Level 1.6 Fighting
 - Level 1.1 Short Blades
 - Level 2.1 Dodging
 - Level 4.4 Stealth
 + Level 3.4 Spellcasting
 + Level 6.3 Hexes


You had one spell level left.
You knew the following spells:

 Your Spells              Type           Power        Failure   Level  Hunger
a - Corona                Hex            ####...      1%          1    N/A
b - Ensorcelled Hibernat  Hex/Ice        ###...       4%          2    N/A
c - Confusing Touch       Hex            ####....     2%          3    N/A
d - Tukima's Dance        Hex            ####....     2%          3    N/A

Your spell library contained the following spells:

 Spells                   Type           Power        Failure   Level  Hunger
 Dazzling Flash           Conj/Hex       ###...       9%          3    N/A

Dungeon Overview and Level Annotations

Branches:
Dungeon (3/15)

Altars:
Ashenzari


Innate Abilities, Weirdness & Mutations

You do not eat.
Your natural rate of healing is unusually fast.
You have razor-sharp teeth.
You have supernaturally acute eyesight. (SInv)
You can survive without breathing.


Message History

You completely miss the orc priest. The orc priest hits you with a +0 mace.
You completely miss the orc priest. The orc hits you but does no damage.
The orc priest calls down the wrath of Beogh upon you.
Pain shoots through your body!
The orc shouts!
You hit the orc priest.
The orc priest is poisoned.
The orc priest is moderately wounded.
You hear a shout!
The orc hits you with a +0 flail of protection.
The orc priest hits you with a +0 mace.
An orc comes into view.
A kobold comes into view. It is wielding a +0 whip.
The orc priest looks encouraged for a moment.
The orc priest miscasts a cantrip.
The orc priest calls down the wrath of Beogh upon you.
Beogh smites you!
* * * LOW HITPOINT WARNING * * *
The orc priest invokes the aid of Beogh against you.
Beogh smites you!
You die...

#<...# #........#
#....#####.....(..#
#.........#####'###
#.........# #..#
...<......# ##.# +
####......# #.#
#....# ####......#
#.###?...###
.†........+
+.....?....
###########
#@####....# #o##
#.... #..# ... ##o#
#o# #.# #.#
#o####.# #o..o..#
##.....# #.....#


You could see an orc priest (very poisoned) and 3 orcs.

Vanquished Creatures
  4 gnolls (D:3)
  5 adders
  An ooze (D:1)
  3 worms
  2 dart slugs
  6 bats
  7 giant cockroaches
  6 hobgoblins
  7 kobolds
  A quokka (D:2)
  5 frilled lizards
  3 goblins (D:1)
  6 rats
56 creatures vanquished.

Vanquished Creatures (others)
  2 dancing weapons (D:3)
2 creatures vanquished.

Grand Total: 58 creatures vanquished

Notes
Turn   | Place    | Note
-------+----------+-------------------------------------------
     0 | D:1      | Krehm the Vampire Enchanter began the quest for the Orb.
     0 | D:1      | Reached XP level 1. HP: 13/13 MP: 3/3
   123 | D:1      | Found a shattered altar of Ashenzari.
   228 | D:1      | Became a worshipper of Ashenzari the Shackled
   384 | D:1      | Reached XP level 2. HP: 19/19 MP: 5/5
   389 | D:1      | Learned a level 2 spell: Ensorcelled Hibernation
   438 | D:1      | Reached skill level 5 in Hexes
   976 | D:2      | Reached XP level 3. HP: 24/24 MP: 5/7
  1560 | D:3      | Reached XP level 4. HP: 30/30 MP: 8/8
  1565 | D:3      | Learned a level 3 spell: Confusing Touch
  1569 | D:3      | Learned a level 3 spell: Tukima's Dance
  1582 | D:3      | Reached skill level 6 in Hexes
  1738 | D:3      | Reached skill level 1 in Fighting
  1874 | D:3      | Reached XP level 5. HP: 37/37 MP: 7/10
  1886 | D:3      | Killed from afar by an orc priest

Illustrated notes

Levels and vault maps discovered:
D:1:      zelgadis_glass_arrival_small, layout_basic, ashenzari_altar_1
D:2:      cheibrodos_old_hovel, layout_rooms, dk_noncrumbling_2
D:3:      layout_basic

Skill      XL: |  1  2  3  4 |
---------------+-------------+-----
Hexes          | 5 6 |  6.3
Spellcasting   | 3 |  3.4
Fighting       | 1 |  1.6
Short Blades   | |  1.1
Dodging        | |  2.1
Stealth        | |  4.4

Action                   |  1- 3 |  4- 6 || total
-------------------------+-------+-------++-------
Melee: Dagger            |   108 |    33 ||   141
       Bite              |     6 |     1 ||     7
 Cast: Corona            |    15 |     1 ||    16
       Ensorcelled Hiber |     3 |     2 ||     5
       Tukima's Dance    |       |     4 ||     4
 Stab: Sleeping          |    12 |     4 ||    16
Armor: Robe              |    23 |     2 ||    25
Dodge: Dodged            |    80 |    29 ||   109
